AoeStats
← |GaoeG| flamingo

Nomad

510191508Analyzed
3v3 RM · 18h ago on Sep 29, 2026· 46m 50s· 6 players
Game mode
Random Map
Map size
210×210
Population
200
Speed
Normal
Resources
Standard
Victory
Conquest
Starting age
Dark Age
Ending age
Imperial Age
RankedLock teamsTeams togetherTeam positionsShared explorationLock speedFull tech treeHidden civsTurbo modeCheats
Victory
Defeat
🇨🇦 Lithuanians · Canada
1336
+13
🇨🇴 Persians · Colombia
1324
+14
🇳🇱 Bohemians · Netherlands
1287
+15
🇪🇸 Vietnamese · Spain
1353
-17
🇪🇸 Japanese · Spain
1315
-16
🇪🇸 Turks · Spain
1148
-9
benno
5:01 Loom
13:25 Feudal Age
13:59 Double-Bit Axe
15:14 Horse Collar
15:45 Town Watch
18:38 Castle Age
17:40 Fishing Lines
19:39 Bow Saw
20:11 Wheelbarrow
20:36 Heavy Plow
20:42 Fletching
21:33 Bodkin Arrow
22:39 Hand Cart
23:24 Town Patrol
25:19 Fervor
25:30 Sanctity
27:26 Padded Archer Armor
29:06 Chemistry
29:47 Leather Archer Armor
33:32 Imperial Age
32:45 Ballistics
35:06 Ring Archer Armor
34:03 Capped Ram
36:48 Pikeman
37:28 Squires
37:52 Conscription
38:48 Two-Man Saw
37:52 Scale Mail Armor
38:03 Forging
38:46 Hussite Reforms
39:13 Arson
39:46 Chain Mail Armor
40:58 Plate Mail Armor
41:14 Block Printing
41:52 Illumination
42:09 Theocracy
41:40 Halberdier
45:02 Herbal Medicine
45:49 Iron Casting
NuMa | Ezio
5:02 Loom
13:24 Feudal Age
13:56 Town Watch
17:17 Castle Age
16:29 Double-Bit Axe
17:34 Wheelbarrow
19:59 Bow Saw
19:36 Fishing Lines
22:17 Bloodlines
22:14 Scale Barding Armor
27:26 Gold Mining
27:19 Horse Collar
28:08 Forging
30:43 Chain Barding Armor
33:13 Gold Shaft Mining
36:54 Imperial Age
35:55 Iron Casting
35:42 Husbandry
36:12 Stone Mining
36:32 Cavalier
37:57 Plate Barding Armor
37:54 Ballistics
40:37 Light Cavalry
42:31 Blast Furnace
42:12 Fletching
43:24 Chemistry
42:28 Heavy Plow
43:21 Savar
45:02 Conscription
44:30 Hussar
45:36 Scale Mail Armor
46:37 Chain Mail Armor
45:44 Pikeman
46:24 Squires
46:26 Halberdier
SometimesUnlucky
6:47 Loom
14:13 Feudal Age
14:58 Double-Bit Axe
16:39 Fishing Lines
17:01 Gold Mining
20:30 Castle Age
19:33 Stone Mining
20:39 Wheelbarrow
21:54 Medium Warships
22:17 Bow Saw
22:56 Gillnets
23:53 Fletching
24:43 Hand Cart
24:31 Fletching
24:57 Town Watch
25:43 Bodkin Arrow
29:00 Scale Mail Armor
29:10 Scale Barding Armor
29:26 Horse Collar
30:18 Bloodlines
31:24 Heavy Plow
32:14 Chain Barding Armor
32:05 Forging
32:00 Husbandry
35:43 Imperial Age
35:33 Iron Casting
34:39 Light Cavalry
35:44 Cavalier
37:01 Plate Barding Armor
36:46 Pikeman
37:26 Squires
37:11 Arson
38:02 Scale Mail Armor
38:50 Conscription
40:24 Two-Man Saw
39:59 Crop Rotation
40:12 Paladin
40:46 Halberdier
41:43 Chain Mail Armor
42:00 Winged Hussar
|GaoeG| flamingo
4:26 Loom
13:38 Feudal Age
18:08 Castle Age
16:48 Double-Bit Axe
16:56 Fletching
18:11 Horse Collar
18:24 Gold Mining
19:40 Town Watch
20:09 Bow Saw
21:41 Bodkin Arrow
24:51 Bloodlines
25:39 Husbandry
30:45 Wheelbarrow
32:47 Padded Archer Armor
32:52 Heavy Plow
34:41 Thumb Ring
ErafaE
8:33 Loom
15:24 Feudal Age
15:52 Double-Bit Axe
17:35 Wheelbarrow
22:35 Castle Age
23:50 Hand Cart
23:46 Bow Saw
23:19 Horse Collar
23:33 Gold Mining
28:46 Town Watch
29:09 Heavy Plow
35:14 Imperial Age
33:43 Fletching
39:24 Imperial Age
JITANOmaleant7
4:34 Loom
13:19 Feudal Age
18:00 Castle Age
15:57 Fishing Lines
16:28 Double-Bit Axe
16:37 Gold Mining
19:06 Medium Warships
19:57 Wheelbarrow
25:32 Horse Collar
26:05 Bow Saw
26:39 Heavy Plow
26:35 Gillnets
31:46 Imperial Age
29:32 Hand Cart
29:05 Town Watch
29:52 Forging
29:48 Scale Barding Armor
32:48 Chain Barding Armor
33:03 Iron Casting
33:21 Bloodlines
33:12 Husbandry
32:33 Elite Battle Elephant
37:17 Plate Barding Armor
40:00 Chatras
41:26 Fletching
46:21 Heated Shot
Connection lost

Rejoining the realm…

Still unreachable

The connection could not be restored.

Session expired

The server has moved on; the page needs a fresh start.